 Dungeon Crawl Stone Soup version 0.25-a0-510-ge065f6de7d (webtiles) character file.

Game seed: 853547432915563251, levelgen mode: deterministic

14921 Eurus the Thaumaturge (level 11, -5/87 HPs)
             Began as a Mummy Conjurer on Feb 15, 2020.
             Was a Believer of Ashenzari.
             Slain by a catoblepas (16 damage)
             ... on level 3 of the Lair of Beasts.
             The game lasted 00:48:44 (19444 turns).

Eurus the Thaumaturge (Mummy Conjurer)             Turns: 19444, Time: 00:48:45

Health: -5/87      AC: 16    Str: 16    XL:     11   Next: 95%
Magic:  25/25      EV:  6    Int: 25    God:    Ashenzari [**....]
Gold:   768        SH:  0    Dex: 16    Spells: 24/31 levels left

rFire    x . .     SeeInvis .   u - +2 mace (drain)
rCold    + . .     Gourm    .   t - +2 kite shield
rNeg     + + +     Faith    .   f - +4 robe of Augmentation {Str+4 Int+4 Dex+4} (curse)
rPois    ∞         Spirit   .   h - +2 helmet
rElec    .         Reflect  .   g - +0 cloak
rCorr    .         Harm     .   (no gloves)
MR       +....                  e - +2 pair of boots {Stlth+} (curse)
Stlth    +++.......             (no amulet)
HPRegen  0.24/turn              p - +3 ring of intelligence
MPRegen  0.19/turn              s - +3 ring of protection

@: about to teleport, petrifying (expiring), studying Shields, very slow
A: no food or potions, fire vulnerability, cold resistance 1, negative energy
resistance 3, torment resistance, unbreathing
a: Curse Item, Scrying, Renounce Religion


You were on level 3 of the Lair of Beasts.
You worshipped Ashenzari.
Ashenzari was pleased with you.
You were not hungry.

You visited 3 branches of the dungeon, and saw 13 of its levels.

You collected 768 gold pieces.

Inventory:

Hand Weapons
 u - a +2 mace of draining (weapon)
Armour
 b - a +0 tower shield
 e - a cursed +2 pair of boots of stealth (worn)
 f - the cursed +4 robe of Augmentation (worn) {Str+4 Int+4 Dex+4}
   (You took it off a crimson imp on level 8 of the Dungeon)

   It affects your strength (+4).
   It affects your intelligence (+4).
   It affects your dexterity (+4).
   If you remove this armour, your AC will decrease by 6 (16 -> 10).
   It has a curse placed upon it.
 g - a +0 cloak (worn)
 h - a +2 helmet (worn)
 t - a +2 kite shield (worn)
Jewellery
 p - a +3 ring of intelligence (left hand)
 r - a +1 ring of evasion
 s - a +3 ring of protection (right hand)
Wands
 o - a wand of polymorph (9)
Scrolls
 a - a scroll of amnesia
 c - 2 scrolls of enchant armour
 d - 3 scrolls of remove curse
 i - 2 scrolls of identify
 j - a scroll of teleportation
 l - a scroll of magic mapping
 m - a scroll of silence
 n - a scroll of summoning
Books
 k - a manual of Shields


   Skills:
 + Level 8.8 Fighting
 - Level 1.5 Dodging
 - Level 1.5 Stealth
 + Level 10.6 Shields
 + Level 10.7 Spellcasting
 + Level 8.3 Conjurations
 + Level 5.8 Translocations


You had 24 spell levels left.
You knew the following spells:

 Your Spells              Type           Power        Failure   Level  Hunger
a - Magic Dart            Conj           ####         1%          1    N/A
b - Searing Ray           Conj           ######       1%          2    N/A
c - Iskenderun's Mystic   Conj/Tloc      #####...     4%          4    N/A

Your spell library contained the following spells:

 Spells                   Type           Power        Failure   Level  Hunger
 Shock                    Conj/Air       ####         1%          1    N/A
 Dazzling Flash           Conj/Hex       ####..       4%          3    N/A
 Static Discharge         Conj/Air       ####....     4%          3    N/A
 Animate Skeleton         Necr           N/A          8%          1    N/A
 Freeze                   Ice            ##..         8%          1    N/A
 Pain                     Necr           ##..         8%          1    N/A
 Swiftness                Chrm/Air       ##......     12%         2    N/A
 Fulminant Prism          Conj/Hex       ####......   14%         4    N/A
 Hailstorm                Conj/Ice       ####....     14%         4    N/A
 Frozen Ramparts          Ice            ##....       24%         3    N/A
 Ozocubu's Armour         Chrm/Ice       ##......     24%         3    N/A
 Vampiric Draining        Necr           ##........   24%         3    N/A
 Lightning Bolt           Conj/Air       ####......   36%         5    N/A
 Airstrike                Air            ##........   61%         4    N/A
 Animate Dead             Necr           N/A          61%         4    N/A
 Summon Ice Beast         Ice/Summ       ##......     61%         4    N/A
 Agony                    Necr           ##......     91%         5    N/A

Dungeon Overview and Level Annotations

Branches:
Dungeon (9/15)             Temple (1/1) D:4            Lair (3/6) D:9
    Orc (0/2) D:9
  Swamp: Lair:2-4    Shoals: Lair:2-4     Snake: Lair:2-4    Spider: Lair:2-4

Altars:
Ashenzari
Cheibriados
Dithmenos
Elyvilon
Fedhas
Gozag
Hepliaklqana
Kikubaaqudgha
Makhleb
Nemelex Xobeh
Okawaru
Qazlal
Ru
Sif Muna
Trog
Uskayaw
Vehumet
Wu Jian
Xom
Yredelemnul
Zin
The Shining One

Shops:
D:4 *   D:7 *!

Annotations:
D:6 exclusions: orc and wight
D:9 2 transporters, Zarkath's ghost, novice TeSu
Lair:2 exclusion: 2 oklob plants


Innate Abilities, Weirdness & Mutations

You do not eat or drink.
Your flesh is vulnerable to fire.
You are immune to poison.
Your flesh is cold resistant. (rC+)
You are immune to negative energy. (rN+++)
You are immune to unholy pain and torment.
You can survive without breathing.


Message History

* * * LOW HITPOINT WARNING * * *
The catoblepas breathes a plume of calcifying dust at you.
The blast of calcifying dust hits you.
* * * LOW HITPOINT WARNING * * *
You turn to flesh and can move again.
Unknown command.
Unknown command.
Unknown command.
The catoblepas breathes a plume of calcifying dust at you.
The blast of calcifying dust hits you but does no damage.
As you read the scroll of teleportation, it crumbles to dust.
You feel strangely unstable.
You are engulfed in calcifying dust.
You are slowing down.
The catoblepas gores you!!
* * * LOW HITPOINT WARNING * * *
Your limbs are stiffening.
You thump the fungus!
The fungus is lightly damaged.
The catoblepas gores you!!
You die...

#....##...###P..,
##..#.#................
##.............>.......
#........##.#.≈.≈...#..
##...##....#.≈≈≈≈≈≈..#.
##..###...#..≈≈≈≈≈≈≈..#
#....##..##≈≈≈≈≈≈≈≈≈≈.#
##..##P..§#≈≈≈≈≈..≈≈≈≈#
#....#@.§#..≈≈≈.<≈≈≈≈≈≈
#....#Y§.##≈≈≈≈≈.≈≈≈≈≈#
#....#§...#.≈≈≈≈≈≈≈≈≈..
##..........≈≈≈≈≈≈≈≈≈..
#....§......≈≈≈≈≈≈....
##............≈.≈.Y..#.
#.......§#####≈#..≈###.
##.......## ###..###..
#.......P# ##..# ##.


You could see a catoblepas.

Vanquished Creatures
  3 hydras
  A black mamba (Lair:2)
  3 spiny frogs (Lair:1)
  3 komodo dragons
  A polar bear (Lair:3)
  Grinder (D:3)
  2 hippogriffs
  3 blink frogs (Lair:1)
  21 yaks
  A two-headed ogre zombie (D:9)
  2 water moccasins
  4 porcupines
  4 orc warriors
  2 sky beasts
  2 black bears (D:6)
  7 phantoms
  6 necrophages (D:9)
  An eye of draining (D:9)
  4 wolves (Lair:1)
  5 ogres
  7 crocodiles
  6 centaurs
  7 bullfrogs
  3 troll zombies (D:9)
  2 scorpions (D:9)
  3 killer bees (D:9)
  3 wights
  2 jellies
  A howler monkey (D:6)
  3 crimson imps
  A bullfrog zombie (D:9)
  2 hounds
  2 centaur skeletons
  3 orc priests
  6 orc wizards
  Natasha (thrice) (D:2)
  5 worker ants
  A killer bee zombie (D:6)
  4 ogre zombies (D:9)
  Robin (D:3)
  4 gnolls (D:2)
  8 adders
  A shadow imp (D:6)
  2 oozes
  4 adder zombies
  2 dart slugs
  8 leopard geckos
  20 orcs
  A ball python (D:3)
  6 giant cockroaches
  15 goblins
  8 hobgoblins
  10 jackals
  2 quokkas
  7 bats
  8 frilled lizards
  2 goblin zombies (D:9)
  3 hobgoblin skeletons (D:9)
  2 hobgoblin zombies (D:9)
  A jackal skeleton (D:4)
  8 kobolds
  A leopard gecko skeleton (D:4)
  2 leopard gecko zombies (D:9)
  2 orc skeletons (D:9)
  16 orc zombies (D:9)
  11 rats
  2 fungi
297 creatures vanquished.

Vanquished Creatures (others)
  3 fungi
  3 plants
6 creatures vanquished.

Grand Total: 303 creatures vanquished

Notes
Turn   | Place    | Note
-------+----------+-------------------------------------------
     0 | D:1      | Eurus the Mummy Conjurer began the quest for the Orb.
     0 | D:1      | Reached XP level 1. HP: 13/13 MP: 4/4
   492 | D:1      | Reached XP level 2. HP: 7/20 MP: 0/5
  1204 | D:1      | Learned a level 2 spell: Searing Ray
  1279 | D:1      | Reached skill level 1 in Fighting
  1592 | D:1      | Reached XP level 3. HP: 26/26 MP: 5/7
  1884 | D:2      | Found a blossoming altar of Fedhas.
  2130 | D:2      | Noticed Natasha
  2282 | D:2      | Found a sacrificial altar of Ru.
  2284 | D:2      | Found an ancient bone altar of Kikubaaqudgha.
  2667 | D:2      | Reached skill level 1 in Shields
  3129 | D:2      | Reached XP level 4. HP: 32/32 MP: 2/9
  3552 | D:3      | Noticed Robin
  3633 | D:3      | Killed Robin
  4261 | D:3      | Noticed Grinder
  4672 | D:4      | Reached XP level 5. HP: 33/38 MP: 4/10
  4825 | D:4      | Found Deshrann's General Store.
  5175 | D:4      | Found a staircase to the Ecumenical Temple.
  5189 | Temple   | Entered the Ecumenical Temple
  5394 | Temple   | Became a worshipper of Ashenzari the Shackled
  5696 | D:5      | Entered Level 5 of the Dungeon
  5869 | D:5      | Noticed an ogre
  5985 | D:5      | Reached XP level 6. HP: 46/46 MP: 5/12
  6085 | D:5      | Found a hide-covered altar of Uskayaw.
  6427 | D:5      | Reached XP level 7. HP: 52/52 MP: 14/14
  6812 | D:5      | Reached skill level 5 in Spellcasting
  6852 | D:5      | Found a sacrificial altar of Ru.
  7233 | D:2      | Killed Natasha
  7475 | D:2      | Noticed Natasha
  7480 | D:2      | Killed Natasha
  7505 | D:2      | Noticed Natasha
  7511 | D:2      | Killed Natasha
  7992 | D:6      | Reached skill level 5 in Conjurations
  7992 | D:6      | Reached XP level 8. HP: 26/60 MP: 12/16
  8272 | D:6      | Reached skill level 5 in Shields
  9439 | D:5      | Learned a level 4 spell: Iskenderun's Mystic Blast
  9534 | D:6      | Reached skill level 5 in Fighting
  9554 | D:6      | Reached XP level 9. HP: 36/68 MP: 4/19
 10298 | D:3      | Killed Grinder
 10298 | D:3      | Reached skill level 1 in Translocations
 10523 | D:7      | Found Zaboasell's Distillery.
 10524 | D:7      | Found Hiucakelism's Assorted Antiques.
 10590 | D:7      | Found a burning altar of Makhleb.
 10826 | D:7      | Reached * piety under Ashenzari
 11582 | D:8      | Found a bloodstained altar of Trog.
 11582 | D:8      | Found an iron altar of Okawaru.
 13555 | D:9      | Found a staircase to the Orcish Mines.
 13568 | D:9      | Found a staircase to the Lair.
 13630 | D:9      | Reached XP level 10. HP: 76/76 MP: 22/22
 13838 | D:9      | Found a hazy altar of Hepliaklqana.
 13840 | D:9      | Found a shimmering altar of Xom.
 14535 | D:9      | Found a transporter.
 14538 | D:9      | Noticed Zarkath's ghost (novice TeSu)
 14538 | D:9      | Noticed a moth of wrath
 14539 | D:9      | Identified the ring of Kuudgh {rC+ rN++ AC+2 Str-3}
 14748 | D:9      | Found a transporter.
 15015 | Lair:1   | Entered Level 1 of the Lair of Beasts
 15238 | Lair:1   | Noticed a spiny frog
 15413 | Lair:1   | Noticed a spiny frog
 15428 | Lair:1   | Killed a spiny frog
 15938 | Lair:1   | Noticed a five-headed hydra
 16162 | Lair:1   | Noticed a spiny frog
 16176 | Lair:1   | Killed a spiny frog
 16176 | Lair:1   | Reached XP level 11. HP: 79/84 MP: 2/24
 17233 | Lair:2   | Noticed a four-headed hydra
 17478 | Lair:2   | Noticed an oklob plant
 17478 | Lair:2   | Noticed an oklob plant
 17527 | Lair:2   | Noticed a six-headed hydra
 17623 | Lair:2   | Reached skill level 5 in Translocations
 17629 | Lair:2   | Reached skill level 10 in Spellcasting
 17963 | Lair:2   | Reached skill level 10 in Shields
 18069 | Lair:2   | Killed a six-headed hydra
 18154 | Lair:2   | Reached ** piety under Ashenzari
 18302 | Lair:2   | Killed a four-headed hydra
 18609 | Lair:1   | Killed a five-headed hydra
 18967 | Lair:3   | Noticed a catoblepas
 19200 | Lair:3   | Noticed a catoblepas
 19444 | Lair:3   | Slain by a catoblepas

Levels and vault maps discovered:
D:1:      sevenhm_arrival_forest_fort_small_4, layout_basic
D:2:      layout_basic, fedhas_altar_4, minitemple, uniq_natasha
D:3:      layout_loops_ring, first_ration, grunt_decor_mini_mirrors,
          minmay_misc_feat_hallway, chequers_serial_rivers_room_a, uniq_robin,
          uniq_grinder
D:4:      layout_basic, minmay_temple_entry_large_hall, serial_shops, shop
D:5:      layout_basic, kennysheep_little_box, nicolae_ru_the_path_less_chosen
D:6:      layout_basic, minmay_manual_mares
D:7:      layout_basic, serial_shops, nicolae_shop_stone, nicolae_shop_trees,
          makhleb_heckhound_becter
D:8:      layout_loops_ring, grunt_temple_overflow_bloody_war
D:9:      layout_rooms, regret_index_temple_of_mockery, lair_entry_dummy,
          zombieorc2_lemuel, serial_undead, serial_undead_b, serial_undead_a,
          serial_undead_c, serial_undead_e, gammafunk_ghost_berserking_beasts
Temple:   eino_temple_water
Lair:1:   layout_layer_cave, grunt_megastairs_1
Lair:2:   layout_chaotic_city, minmay_lair_oklob_chamber, grunt_megastairs_4
Lair:3:   layout_small_grid, gammafunk_ghost_split, infiniplex_staircase_pool_2,
          grunt_megastairs_3

Skill      XL: |  1  2  3  4  5  6  7  8  9 10 11 |
---------------+----------------------------------+-----
Spellcasting   | 3 4 5 6 8 9 10 | 10.7
Fighting       | 1 2 3 5 6 7 8 |  8.8
Shields        | 1 2 3 4 6 7 9 10 | 10.6
Conjurations   | 4 5 6 7 8 |  8.3
Translocations | 2 4 5 |  5.8
Dodging        | |  1.5
Stealth        | |  1.5

Action                   |  1- 3 |  4- 6 |  7- 9 | 10-12 || total
-------------------------+-------+-------+-------+-------++-------
Melee: Unarmed           |    29 |       |       |       ||    29
       Club              |    71 |    62 |       |       ||   133
       Mace              |       |     7 |   135 |    47 ||   189
 Cast: Magic Dart        |    78 |    41 |   106 |    87 ||   312
       Searing Ray       |     4 |    19 |    67 |    85 ||   175
       Iskenderun's Myst |       |       |       |     5 ||     5
Invok: Curse Item        |       |     1 |     1 |       ||     2
  Use: Scroll            |       |     1 |     7 |     5 ||    13
 Stab: Sleeping          |     2 |     2 |     4 |       ||     8
Armor: Robe              |    29 |    41 |   107 |    50 ||   227
Dodge: Dodged            |    86 |    58 |   121 |    50 ||   315
Block: Kite shield       |       |       |    89 |    93 ||   182

Table legend:
 A = Non-vault XP
 B = Vault XP
 C = Vault XP percentage of total XP
 D = Non-vault monster count
 E = Vault monster count
 F = Vault count percentage of total count
                 A         B        C        D         E       F
            +---------+---------+-------+---------+---------+-------
      Total |   17681 |    3635 |  17.1 |     227 |      68 |  23.1
            +---------+---------+-------+---------+---------+-------
        D:1 |      44 |       0 |   0.0 |      26 |       0 |   0.0
        D:2 |     185 |      35 |  15.9 |      32 |       1 |   3.0
        D:3 |       9 |     320 |  97.3 |       7 |      12 |  63.2
        D:4 |     164 |       0 |   0.0 |      13 |       0 |   0.0
        D:5 |     806 |       0 |   0.0 |      28 |       0 |   0.0
        D:6 |    1594 |     220 |  12.1 |      36 |       2 |   5.3
        D:7 |     166 |      43 |  20.6 |       4 |       1 |  20.0
        D:8 |     544 |     137 |  20.1 |       7 |       1 |  12.5
        D:9 |    1739 |    1601 |  47.9 |      25 |      44 |  63.8
     Lair:1 |    6515 |     753 |  10.4 |      28 |       4 |  12.5
     Lair:2 |    4517 |     327 |   6.8 |      13 |       2 |  13.3
     Lair:3 |    1398 |     199 |  12.5 |       8 |       1 |  11.1
            +---------+---------+-------+---------+---------+-------
